[Event "Titled Tuesday Blitz June 27 Early 2023"]
[White "Durarbayli, Vasif"]
[Black "Jia, Haoxiang"]
[WhiteFideId "13402935"]
[BlackFideId "8602999"]
[WhiteElo "2911"]
[BlackElo "2623"]
[Result "1-0"]
[Round "2"]
[TimeControl "180+2"]
[Date "2023.06.27"]
[WhiteClock "0:00:51"]
[BlackClock "0:01:00"]
[Board "32"]

1. e4 c5 2. Nf3 e6 3. d4 cxd4 4. Nxd4 a6 5. Nc3 Qc7 6. g3 Bb4 7. Bd2 Nc6 8. Nb3 Nf6 9. Bg2 O-O 10. O-O Be7 11. f4 d6 12. g4 b5 13. g5 Nd7 14. a3 Bb7 15. Rf3 Nc5 16. Rh3 g6 17. Qg4 Nxb3 18. cxb3 Nd4 19. Rf1 f5 20. gxf6 Bxf6 21. f5 exf5 22. exf5 Bxg2 23. Kxg2 Qd7 24. Bh6 Rf7 25. Rg3 Be5 26. fxg6 Qb7+ 27. Ne4 Rxf1 28. gxh7+ Kh8 29. Qg8+ 1-0


[Site "https://www.chess.com"]

[Event "Titled Tuesday Blitz June 27 Early 2023"]
[White "Aldokhin, Ivan"]
[Black "Tari, Aryan"]
[WhiteFideId "24115720"]
[BlackFideId "1510045"]
[WhiteElo "2622"]
[BlackElo "2910"]
[Result "0-1"]
[Round "2"]
[TimeControl "180+2"]
[Date "2023.06.27"]
[WhiteClock "0:00:00"]
[BlackClock "0:00:56"]
[Board "33"]

1. e4 e5 2. Nf3 Nc6 3. Bb5 Nge7 4. Nc3 Ng6 5. d4 exd4 6. Nxd4 Nxd4 7. Qxd4 c6 8. Bc4 b5 9. Bb3 Qb6 10. Qd3 Be7 11. Be3 Qc7 12. O-O O-O 13. f4 d6 14. a4 b4 15. Ne2 a5 16. Nd4 Bf6 17. Rad1 Ba6 18. Bc4 Qb7 19. b3 Bxc4 20. Qxc4 Rfe8 21. Nxc6 Qc7 22. Qd5 Rac8 23. Nxa5 Ne7 24. Qxd6 Qxa5 25. Bb6 Qa8 26. e5 Nf5 27. Qd7 Nh4 28. Qd5 Qa6 29. Bf2 Be7 30. Qe4 f5 31. exf6 Bxf6 32. Qd5+ Kh8 33. Qb5 Qa8 0-1


[Site "https://www.chess.com"]

[Event "Titled Tuesday Blitz June 27 Early 2023"]
[White "Henriquez Villagra, Cristobal"]
[Black "Kantor, Gergely"]
[WhiteFideId "3409350"]
[BlackFideId "751499"]
[WhiteElo "2907"]
[BlackElo "2619"]
[Result "0-1"]
[Round "2"]
[TimeControl "180+2"]
[Date "2023.06.27"]
[WhiteClock "0:00:07"]
[BlackClock "0:00:07"]
[Board "34"]

1. Nf3 d5 2. e3 Nf6 3. b3 c5 4. Bb2 e6 5. c4 Nc6 6. cxd5 exd5 7. d4 cxd4 8. Nxd4 Ne4 9. Bd3 Bb4+ 10. Kf1 O-O 11. a3 Ba5 12. b4 Bb6 13. Nxc6 bxc6 14. Nc3 Qh4 15. Qc2 f5 16. g3 Qh3+ 17. Kg1 f4 18. Bf1 Qh5 19. Nxe4 fxe3 20. h3 dxe4 21. Bc4+ Kh8 22. Qc3 exf2+ 23. Kg2 Qg6 24. Rad1 Bc7 25. Rhf1 Rf3 26. Qe5 Bxh3+ 27. Kxh3 Bxe5 28. Bxe5 Qh5+ 0-1


[Site "https://www.chess.com"]

[Event "Titled Tuesday Blitz June 27 Early 2023"]
[White "Chen, Justin"]
[Black "Demchenko, Anton"]
[WhiteFideId "2098199"]
[BlackFideId "4160258"]
[WhiteElo "2619"]
[BlackElo "2905"]
[Result "0-1"]
[Round "2"]
[TimeControl "180+2"]
[Date "2023.06.27"]
[WhiteClock "0:00:00"]
[BlackClock "0:00:03"]
[Board "35"]

1. e4 c5 2. Nf3 d6 3. Bb5+ Bd7 4. Bxd7+ Qxd7 5. c4 e5 6. Nc3 Nc6 7. d3 g6 8. a3 Bg7 9. Rb1 Nge7 10. b4 b6 11. O-O O-O 12. Nd5 Nxd5 13. cxd5 Nd4 14. Nxd4 exd4 15. Bd2 f5 16. f3 fxe4 17. fxe4 Rxf1+ 18. Qxf1 Be5 19. Qe2 h5 20. Rf1 Rf8 21. Rxf8+ Kxf8 22. Bh6+ Ke8 23. Qf3 Qe7 24. b5 Bf6 25. Bf4 Kd7 26. a4 Kc7 27. h3 Kd7 28. Qg3 g5 29. Bd2 Qg7 30. Qf3 Qg6 31. g4 h4 32. Qf5+ Qxf5 33. gxf5 Ke7 34. Kg2 Kf7 35. Kf3 Kg7 36. Kg4 Kf7 37. Be1 Kg7 38. Kh5 Kf7 39. Bd2 Kg7 40. Kg4 Kf7 41. a5 Kg7 42. a6 Kf7 43. Be1 Ke7 44. Bd2 Kf7 45. Bc1 Ke7 46. Ba3 Kf7 47. Bb2 Ke7 48. Bc1 Kf7 49. Kf3 Ke7 50. Bd2 Kf7 51. Kg4 Ke8 52. Kh5 Kf7 53. Be1 Kg7 54. Bf2 Kf7 55. Kg4 Kg7 56. Kf3 Kf7 57. Be1 Ke8 58. Bd2 Kf7 59. Kf2 Ke8 60. Kg2 Kf7 61. Kf3 Ke7 62. Ba5 c4 63. dxc4 d3 64. Bxb6 d2 65. Ke2 g4 66. Bxa7 gxh3 67. Bg1 Bd4 68. Bh2 Kf6 69. Kxd2 Bc5 0-1


[Site "https://www.chess.com"]

[Event "Titled Tuesday Blitz June 27 Early 2023"]
[White "Yurovskykh, Oleksandr"]
[Black "Ter-Sahakyan, Samvel"]
[WhiteFideId "14134020"]
[BlackFideId "13302531"]
[WhiteElo "2617"]
[BlackElo "2896"]
[Result "0-1"]
[Round "2"]
[TimeControl "180+2"]
[Date "2023.06.27"]
[WhiteClock "0:00:06"]
[BlackClock "0:00:15"]
[Board "36"]

1. b3 e5 2. Bb2 Nc6 3. e3 Nf6 4. Bb5 e4 5. d3 a6 6. Bxc6 dxc6 7. dxe4 Qxd1+ 8. Kxd1 Nxe4 9. Ke2 f6 10. Nf3 a5 11. a4 b6 12. Nbd2 Ba6+ 13. c4 Nc5 14. Nd4 O-O-O 15. Rad1 Kb7 16. Ba3 Nxa4 17. bxa4 Bxa3 18. Nb5 Bb4 19. Nb1 Kb8 20. N5a3 Kc8 21. f3 Rd6 22. e4 Rhd8 23. Rxd6 cxd6 24. Rd1 d5 25. exd5 cxd5 26. Rc1 dxc4 27. Kf2 Bc5+ 28. Kg3 Rd4 29. Nc2 Rd3 30. Ne1 Rb3 31. Nd2 Rb4 32. Ra1 Bd6+ 33. Kh3 Kc7 34. Ne4 Be5 35. Ra2 Bc8+ 36. g4 Be6 37. Nc2 Rb2 38. Rxb2 Bxb2 39. Kg2 Bd7 40. Ne3 Be6 41. Nc2 Kc6 42. Nd2 Bc3 43. Ne4 Bb2 44. Kf1 b5 45. axb5+ Kxb5 46. Nd2 a4 47. Nb1 Bf7 48. Ke2 Bg6 49. Nba3+ Bxa3 50. Nxa3+ Kb4 0-1


[Site "https://www.chess.com"]

[Event "Titled Tuesday Blitz June 27 Early 2023"]
[White "Makhnev, Denis"]
[Black "Elgersma, Onno"]
[WhiteFideId "13707647"]
[BlackFideId "1053531"]
[WhiteElo "2894"]
[BlackElo "2617"]
[Result "1-0"]
[Round "2"]
[TimeControl "180+2"]
[Date "2023.06.27"]
[WhiteClock "0:01:34"]
[BlackClock "0:00:01"]
[Board "37"]

1. f4 d5 2. Nf3 g6 3. g3 Bg7 4. Bg2 Nf6 5. O-O O-O 6. d3 c5 7. Qe1 Nc6 8. c3 Bf5 9. h3 Re8 10. g4 Bd7 11. e4 dxe4 12. dxe4 e5 13. f5 gxf5 14. gxf5 Kh8 15. Bg5 Rg8 16. Qh4 Qe7 17. Nbd2 b5 18. Rfe1 c4 19. Kh1 h6 20. Nf1 Kh7 21. Ne3 Qd6 22. Rad1 1-0


[Site "https://www.chess.com"]

[Event "Titled Tuesday Blitz June 27 Early 2023"]
[White "Cezila Jr, Rubens"]
[Black "Nogerbek, Kazybek"]
[WhiteFideId "2116723"]
[BlackFideId "13710427"]
[WhiteElo "2616"]
[BlackElo "2894"]
[Result "0-1"]
[Round "2"]
[TimeControl "180+2"]
[Date "2023.06.27"]
[WhiteClock "0:00:05"]
[BlackClock "0:01:03"]
[Board "38"]

1. c4 g6 2. Nc3 Bg7 3. Nf3 d6 4. g3 Nc6 5. Bg2 Bd7 6. O-O Qc8 7. Re1 Bh3 8. Bh1 h5 9. d4 h4 10. d5 Ne5 11. Nxe5 Bxe5 12. e4 hxg3 13. fxg3 Nf6 14. Be3 Ng4 15. Re2 Nxe3 16. Rxe3 c5 17. dxc6 bxc6 18. Qd2 Kf8 19. Bg2 Kg7 20. Rf3 Bg4 21. Rff1 Qc7 22. Bf3 Be6 23. b3 a5 24. Rad1 Rh6 25. Ne2 Rah8 26. Nf4 Qb6+ 27. Kh1 Rxh2+ 28. Qxh2 Rxh2+ 29. Kxh2 Bd7 30. Nd3 Bd4 31. e5 dxe5 32. Nxe5 Bxe5 33. Rxd7 Qe3 34. Kg2 c5 35. Rfd1 Qg5 36. g4 Qh4 37. R7d3 Qh2+ 38. Kf1 Qxa2 39. Be2 Bd4 40. Rf3 a4 41. bxa4 Qxa4 42. Kg2 Qc2 43. Kf1 Qe4 44. Rdd3 Qe5 45. Rg3 e6 46. Rdf3 Qg5 47. Rd3 Qf4+ 48. Rgf3 Qh2 49. Ke1 f6 50. Rf1 Qe5 51. Kd2 Qb8 52. Ke1 f5 53. gxf5 gxf5 54. Rh3 Qb2 55. Rg3+ Kf6 56. Rd3 Qc1+ 57. Bd1 Qxc4 58. Ke2 e5 0-1


[Site "https://www.chess.com"]

[Event "Titled Tuesday Blitz June 27 Early 2023"]
[White "Chigaev, Maksim"]
[Black "Domingo Nunez, Alejandro"]
[WhiteFideId "4108116"]
[BlackFideId "22245561"]
[WhiteElo "2884"]
[BlackElo "2610"]
[Result "1-0"]
[Round "2"]
[TimeControl "180+2"]
[Date "2023.06.27"]
[WhiteClock "0:01:23"]
[BlackClock "0:01:02"]
[Board "39"]

1. e4 g6 2. d4 Bg7 3. Nc3 c6 4. Nf3 d5 5. h3 dxe4 6. Nxe4 Nf6 7. Nc5 O-O 8. Be2 Nbd7 9. Nb3 Qc7 10. O-O e5 11. c3 exd4 12. Qxd4 Nd5 13. Qh4 Ne5 14. Bh6 Nxf3+ 15. Bxf3 Bxh6 16. Qxh6 Qf4 17. Qxf4 Nxf4 18. Rad1 Be6 19. Rfe1 Rfd8 20. Nc5 Bxa2 21. Nxb7 Rxd1 22. Rxd1 Bd5 23. Bxd5 Nxd5 24. Na5 Ne7 25. Rd7 Kf8 26. g3 Rb8 27. Rxe7 1-0


[Site "https://www.chess.com"]

[Event "Titled Tuesday Blitz June 27 Early 2023"]
[White "Asavasaetakul, Chawit"]
[Black "Zhigalko, Sergei"]
[WhiteFideId "6204856"]
[BlackFideId "13502956"]
[WhiteElo "2610"]
[BlackElo "2884"]
[Result "1/2-1/2"]
[Round "2"]
[TimeControl "180+2"]
[Date "2023.06.27"]
[WhiteClock "0:00:19"]
[BlackClock "0:00:02"]
[Board "40"]

1. e4 c5 2. c3 Nf6 3. e5 Nd5 4. d4 cxd4 5. cxd4 Nc6 6. Nf3 d6 7. Bc4 Nb6 8. Bb5 d5 9. Nh4 e6 10. Nf3 Be7 11. Nc3 Bd7 12. O-O Rc8 13. Qe2 a6 14. Bd3 Na7 15. Be3 Nc4 16. Rac1 b5 17. b3 Nxe3 18. fxe3 Nc6 19. Qf2 Ba3 20. Rc2 Nb4 21. Nb1 Nxc2 22. Bxc2 Be7 23. Ng5 f5 24. exf6 Bxf6 25. Nxh7 Qe7 26. Bg6+ Kd8 27. Nd2 Rc3 28. Nf3 Kc8 29. a4 b4 30. Qe2 Kb7 31. Bd3 Qd6 32. e4 dxe4 33. Bxe4+ Kb8 34. Nxf6 gxf6 35. Bd3 Bc6 36. Bxa6 Bxf3 37. gxf3 Ka7 38. Bc4 Qxd4+ 39. Kh1 Qe3 40. Qg2 Rc1 41. Qg7+ Kb6 42. Qxh8 Qxf3+ 43. Kg1 Qg4+ 44. Kh1 Qf3+ 45. Kg1 Qg4+ 46. Kh1 Qf3+ 1/2-1/2


[Site "https://www.chess.com"]

[Event "Titled Tuesday Blitz June 27 Early 2023"]
[White "Bacrot, Etienne"]
[Black "Vdovin, Vadim"]
[WhiteFideId "605506"]
[BlackFideId "24107158"]
[WhiteElo "2881"]
[BlackElo "2609"]
[Result "0-1"]
[Round "2"]
[TimeControl "180+2"]
[Date "2023.06.27"]
[WhiteClock "0:00:03"]
[BlackClock "0:00:11"]
[Board "41"]

1. e4 c5 2. Nf3 d6 3. d4 cxd4 4. Nxd4 Nf6 5. Nc3 a6 6. Rg1 g6 7. g4 Bg7 8. Be2 Nc6 9. Nb3 O-O 10. Be3 b5 11. g5 Nd7 12. Qd2 Nb6 13. O-O-O Na4 14. Nd4 Bb7 15. Nxa4 bxa4 16. Nxc6 Bxc6 17. Bd4 Bxd4 18. Qxd4 a3 19. b3 Qa5 20. h4 Rab8 21. f3 Rfc8 22. Bc4 Bb5 23. Bxb5 Rxb5 24. Rg2 e5 25. Qe3 Rc3 26. Rd3 Rbxb3 27. h5 Rxd3 28. cxd3 Qc3+ 29. Rc2 Qa1+ 30. Kd2 Rb2 31. Qa7 Rxc2+ 32. Kxc2 Qxa2+ 33. Kc3 Qb2+ 34. Kc4 Qd4+ 35. Qxd4 exd4 36. hxg6 a2 0-1


[Site "https://www.chess.com"]

[Event "Titled Tuesday Blitz June 27 Early 2023"]
[White "Colas, Joshua"]
[Black "Seo, Jung Min"]
[WhiteFideId "2044447"]
[BlackFideId "1734687"]
[WhiteElo "2609"]
[BlackElo "2880"]
[Result "0-1"]
[Round "2"]
[TimeControl "180+2"]
[Date "2023.06.27"]
[WhiteClock "0:00:06"]
[BlackClock "0:00:07"]
[Board "42"]

1. Nf3 Nf6 2. c4 g6 3. b3 Bg7 4. Bb2 O-O 5. g3 d6 6. d4 Nc6 7. Bg2 Bf5 8. O-O Qd7 9. d5 Nb4 10. a3 Na6 11. Re1 Bh3 12. Bh1 h6 13. e4 e5 14. dxe6 Qxe6 15. Nc3 Nc5 16. b4 Ncd7 17. Nd5 Nxd5 18. cxd5 Qe7 19. Bxg7 Kxg7 20. Rc1 Nf6 21. e5 dxe5 22. Nxe5 Qd8 23. Qc2 Rc8 24. Qc3 Kg8 25. g4 Bxg4 26. Qg3 Bf5 27. Bf3 Nxd5 28. Red1 c6 29. b5 Qf6 30. bxc6 bxc6 31. Nxc6 Rxc6 32. Rxc6 Qxc6 33. Rxd5 Qf6 34. Rd6 Qe7 35. Rd5 Kh7 36. a4 Be6 37. Qd6 Qxd6 38. Rxd6 Rc8 39. Kg2 Kg7 40. a5 Kf6 41. Bb7 Rc7 42. a6 Ke7 43. Rd2 g5 44. Kg3 h5 45. Kg2 h4 46. Rd3 Rc5 47. Rd2 Rc3 48. f3 Ra3 49. Kf2 Ra2 50. Rxa2 Bxa2 51. f4 g4 52. Ke3 Kd6 53. Kd4 Be6 54. Ke4 f5+ 55. Kd4 Bd7 56. Ke3 Bc6 57. Bc8 Be4 58. Kd4 Kc7 59. Be6 Kb6 60. Bc4 g3 61. hxg3 hxg3 62. Ke3 Kc5 63. Be6 Kd6 64. Bc8 Kc5 65. Bxf5 Bxf5 66. Kf3 Kb5 67. Kxg3 Kxa6 68. Kf2 Kb5 69. Ke3 Kb4 70. Kd2 Kb3 71. Kc1 a5 0-1


[Site "https://www.chess.com"]

[Event "Titled Tuesday Blitz June 27 Early 2023"]
[White "Galchenko, Matvey"]
[Black "MKlose11"]
[WhiteFideId "24175480"]
[WhiteElo "2874"]
[BlackElo "2609"]
[Result "1-0"]
[Round "2"]
[TimeControl "180+2"]
[Date "2023.06.27"]
[WhiteClock "0:00:05"]
[BlackClock "0:00:01"]
[Board "43"]

1. d4 Nf6 2. c4 c5 3. d5 b5 4. cxb5 a6 5. e3 g6 6. Nc3 Bg7 7. Nf3 O-O 8. a4 d6 9. Bc4 axb5 10. Bxb5 Ba6 11. O-O Nbd7 12. Re1 Ne8 13. e4 Nc7 14. Bc6 Rb8 15. Qc2 Bb7 16. Bxb7 Rxb7 17. Bg5 h6 18. Bh4 Re8 19. Nd2 Rb4 20. b3 Qb8 21. Bg3 Qb7 22. Rab1 Qa6 23. Nc4 Nb6 24. Na2 Rxc4 25. bxc4 Nxc4 26. Qe2 Qxa4 27. Rb7 Nb5 28. Nc1 Nd4 29. Qd3 Ne5 30. Bxe5 Bxe5 31. Ne2 Qa5 32. Reb1 Nxe2+ 33. Qxe2 Kg7 34. g3 Bf6 35. Qb5 Ra8 36. Qxa5 Rxa5 37. Rc7 Ra4 38. f3 h5 39. h4 Ra2 40. Re1 Rd2 41. f4 Bd4+ 42. Kh1 Kf6 43. Rc6 Kg7 44. Rc7 Kf8 45. e5 dxe5 46. fxe5 Bf2 47. Rf1 Bxg3 48. Rc8+ Kg7 49. e6 f5 50. Re8 Bd6 51. Rb1 Rxd5 52. Rb7 Kf6 53. Rg8 Kxe6 54. Rxg6+ Ke5 55. Rg5 Rd4 56. Rxh5 c4 57. Rb5+ Ke4 58. Rbxf5 c3 59. Rf2 Rd2 60. Rf1 c2 61. Rg5 Rd1 62. Rg4+ Ke3 63. Rgg1 Rxf1 64. Rxf1 Kd2 65. Kg2 c1=Q 66. Rxc1 Kxc1 67. Kf3 Kd2 68. Ke4 Kc3 69. h5 Bf4 70. Kxf4 Kd4 71. h6 e5+ 72. Kf3 e4+ 73. Ke2 1-0


[Site "https://www.chess.com"]

[Event "Titled Tuesday Blitz June 27 Early 2023"]
[White "Spata, German"]
[Black "Samadov, Read"]
[WhiteFideId "113026"]
[BlackFideId "13417444"]
[WhiteElo "2606"]
[BlackElo "2874"]
[Result "0-1"]
[Round "2"]
[TimeControl "180+2"]
[Date "2023.06.27"]
[WhiteClock "0:00:01"]
[BlackClock "0:01:25"]
[Board "44"]

1. Nf3 Nf6 2. e3 g6 3. b4 Bg7 4. Bb2 O-O 5. Be2 d5 6. O-O a5 7. a3 c6 8. c4 axb4 9. axb4 Rxa1 10. Bxa1 Na6 11. b5 cxb5 12. cxb5 Nc5 13. d4 Nce4 14. Nbd2 Qb6 15. Nxe4 Nxe4 16. Nd2 Bf5 17. Nxe4 Bxe4 18. Qd2 Ra8 19. Bc3 Ra4 20. Bb4 Bf6 21. Rc1 Bf5 22. h3 Bd7 23. Bc5 Qd8 24. Qc2 Ra8 25. b6 Bc6 26. Qb3 e5 27. dxe5 Bxe5 28. Rd1 Qf6 29. Bf3 Ba4 30. Qa2 Ra6 31. Rxd5 Bc6 32. Qxa6 bxa6 0-1


[Site "https://www.chess.com"]

[Event "Titled Tuesday Blitz June 27 Early 2023"]
[White "Ibarra Jerez, Jose Carlos"]
[Black "Piesik, Piotr"]
[WhiteFideId "2226332"]
[BlackFideId "1136194"]
[WhiteElo "2872"]
[BlackElo "2605"]
[Result "1-0"]
[Round "2"]
[TimeControl "180+2"]
[Date "2023.06.27"]
[WhiteClock "0:00:25"]
[BlackClock "0:00:27"]
[Board "45"]

1. e4 c6 2. Nf3 d5 3. d3 g6 4. Qe2 Bg7 5. g3 dxe4 6. dxe4 Nf6 7. Bg2 O-O 8. O-O Bg4 9. Nbd2 Nbd7 10. h3 Bxf3 11. Nxf3 e5 12. a4 Qc7 13. Nd2 Rfd8 14. Nc4 Nc5 15. Be3 Ncxe4 16. Rfd1 b6 17. Bxb6 Rxd1+ 18. Rxd1 axb6 19. Bxe4 Nxe4 20. Qxe4 Rxa4 21. b3 Ra8 22. Rd6 Rc8 23. Qd3 e4 24. Qd2 b5 25. Rd7 Qb8 26. Nd6 Rd8 27. Nxf7 Rxd7 28. Qxd7 e3 29. Nd6 e2 30. Qe6+ Kh8 31. Nf7+ Kg8 32. Ng5+ Kh8 33. Qxe2 h6 34. Nf7+ Kh7 35. Qe6 c5 36. Nd6 Qa8 37. Ne8 Qa1+ 38. Kg2 Qa8+ 39. Kg1 Qa1+ 40. Kh2 Qd4 41. Qf7 1-0


[Site "https://www.chess.com"]

[Event "Titled Tuesday Blitz June 27 Early 2023"]
[White "Shubin, Kirill"]
[Black "Poormosavi, Seyed Kian"]
[WhiteFideId "34119962"]
[BlackFideId "12585807"]
[WhiteElo "2871"]
[BlackElo "2604"]
[Result "1-0"]
[Round "2"]
[TimeControl "180+2"]
[Date "2023.06.27"]
[WhiteClock "0:00:48"]
[BlackClock "0:00:12"]
[Board "46"]

1. e4 c6 2. d4 d5 3. exd5 cxd5 4. Bd3 Nf6 5. c3 g6 6. Bf4 Bg7 7. Nd2 O-O 8. Ngf3 Nc6 9. O-O Bf5 10. Bxf5 gxf5 11. Ne1 e6 12. Nd3 Kh8 13. Re1 Rg8 14. Re3 Ne4 15. Rh3 Qf6 16. Nf3 Bf8 17. Nfe5 Bd6 18. Qh5 Rg7 19. Bh6 Rag8 20. Bxg7+ Rxg7 21. f4 Qe7 22. Rf1 Bxe5 23. Nxe5 Nxe5 24. fxe5 Qc7 25. Qe2 a6 26. Kh1 b5 27. a3 Qc4 28. Qxc4 bxc4 29. Re3 Rg8 30. Re2 a5 31. g3 h5 32. Rf4 Kh7 33. Kg2 Kh6 34. Kf3 a4 35. Ke3 Kg6 36. Rg2 Kh6 37. Rf1 Rg7 38. Rf4 Rg8 39. Rh4 Rg7 40. Kf3 Rg8 41. h3 Ng5+ 42. Ke3 Kg6 43. g4 hxg4 44. hxg4 fxg4 45. Rhxg4 f6 46. Kf4 Rf8 47. exf6 Rxf6+ 48. Ke5 Rf5+ 49. Kd6 Kf6 50. Rxg5 1-0


[Site "https://www.chess.com"]

[Event "Titled Tuesday Blitz June 27 Early 2023"]
[White "Williams, Simon K"]
[Black "Drygalov, Sergey"]
[WhiteFideId "404454"]
[BlackFideId "24171743"]
[WhiteElo "2604"]
[BlackElo "2869"]
[Result "0-1"]
[Round "2"]
[TimeControl "180+2"]
[Date "2023.06.27"]
[WhiteClock "0:00:15"]
[BlackClock "0:00:06"]
[Board "47"]

1. d4 Nf6 2. c4 e6 3. Nf3 d5 4. Nc3 c6 5. Bg5 h6 6. Bh4 dxc4 7. e4 g5 8. Bg3 b5 9. Be2 Bb7 10. e5 Nd5 11. Nd2 Nd7 12. a4 a6 13. Nde4 b4 14. Nb1 c3 15. bxc3 bxc3 16. Nbxc3 Nxc3 17. Nxc3 Bb4 18. Rc1 Qa5 19. Qd3 h5 20. h4 c5 21. O-O O-O-O 22. Bf3 g4 23. Bxb7+ Kxb7 24. Ne4 cxd4 25. Rb1 Nb6 26. Nd6+ Bxd6 27. exd6 e5 28. Qe4+ Ka7 29. Qxe5 Qxe5 30. Bxe5 Rhe8 31. Bxd4 Rxd6 32. Rfd1 a5 33. Rb5 Ka6 34. Rdb1 Nxa4 35. Be3 Rxe3 36. fxe3 Nc3 37. R5b3 Nxb1 38. Rxb1 a4 39. Kf2 Ka5 40. e4 a3 41. Ke3 Ka4 42. e5 Rc6 43. Kd4 a2 44. Rf1 Ka3 45. Kd5 Ra6 0-1


[Site "https://www.chess.com"]

[Event "Titled Tuesday Blitz June 27 Early 2023"]
[White "Ovchinnikov, Vsevolod"]
[Black "Rakhmanov, Aleksandr"]
[WhiteFideId "24176842"]
[BlackFideId "4173708"]
[WhiteElo "2604"]
[BlackElo "2864"]
[Result "0-1"]
[Round "2"]
[TimeControl "180+2"]
[Date "2023.06.27"]
[WhiteClock "0:00:14"]
[BlackClock "0:00:37"]
[Board "48"]

1. Nf3 d5 2. c4 d4 3. e3 Nc6 4. b4 dxe3 5. fxe3 Nxb4 6. Nc3 Nf6 7. d4 e6 8. e4 c5 9. d5 exd5 10. cxd5 Qa5 11. Bd2 Bg4 12. a3 Na6 13. e5 Nd7 14. e6 fxe6 15. h3 Bxf3 16. Qxf3 O-O-O 17. dxe6 Ne5 18. Qf5 g6 19. Qxe5 Bd6 20. Qe3 Qc7 21. Ne4 Be5 22. Rb1 Bd4 23. Qg5 Rhe8 24. Bc4 Qc6 25. Qg4 Nc7 26. e7+ Rd7 27. Kd1 Rxe7 28. Re1 b5 29. Bd3 c4 30. Bc2 c3 31. Bg5 Bf6+ 32. Ke2 Bxg5 33. Kf1 Bd2 34. Re2 h5 35. Qg3 Qb6 36. Nf2 Rxe2 37. Kxe2 Re7+ 38. Kf1 g5 39. Qf3 Qe3 40. Qf8+ Re8 41. Qf5+ Kd8 42. Ne4 Qf4+ 43. Qxf4 gxf4 44. Rb4 Re5 45. Rd4+ Rd5 46. Rxd5+ Nxd5 47. Ke2 Ne3 48. Bd3 Nxg2 49. Bxb5 Ke7 50. Nxd2 cxd2 51. Kxd2 Kd6 52. Be2 h4 53. Kd3 Ke5 54. Bg4 Ne3 55. Bf3 Nf5 56. Be4 Nd4 57. Bh1 Ne6 58. Bg2 Ng5 59. Bf1 a5 60. a4 Kd5 61. Bg2+ Kc5 62. Kc3 f3 63. Bf1 Ne4+ 64. Kd3 Ng3 65. Ke3 Nxf1+ 66. Kxf3 Kb4 67. Kg4 Kxa4 68. Kxh4 Kb4 69. Kg5 a4 70. h4 a3 71. h5 a2 72. h6 a1=Q 73. h7 Qh8 74. Kg6 0-1


[Site "https://www.chess.com"]

[Event "Titled Tuesday Blitz June 27 Early 2023"]
[White "Pichot, Alan"]
[Black "HamedWafa4"]
[WhiteFideId "110973"]
[WhiteElo "2861"]
[BlackElo "2603"]
[Result "1-0"]
[Round "2"]
[TimeControl "180+2"]
[Date "2023.06.27"]
[WhiteClock "0:00:32"]
[BlackClock "0:00:17"]
[Board "49"]

1. e4 e5 2. Nf3 Nc6 3. Bc4 Bc5 4. c3 Nf6 5. d4 exd4 6. b4 Bb6 7. e5 Ne4 8. b5 d5 9. exd6 Nxd6 10. bxc6 Nxc4 11. Qa4 Qe7+ 12. Kf1 O-O 13. Qxc4 bxc6 14. Ba3 c5 15. cxd4 a5 16. Kg1 Ba6 17. Bxc5 Qe4 18. Nbd2 Qg4 19. h3 Qg6 20. Qc3 Rfe8 21. Ne5 Bxc5 22. Nxg6 1-0


[Site "https://www.chess.com"]

[Event "Titled Tuesday Blitz June 27 Early 2023"]
[White "Ingebretsen, Jens E"]
[Black "Molina, Roberto Junio Brito"]
[WhiteFideId "1522965"]
[BlackFideId "2109450"]
[WhiteElo "2602"]
[BlackElo "2859"]
[Result "0-1"]
[Round "2"]
[TimeControl "180+2"]
[Date "2023.06.27"]
[WhiteClock "0:00:17"]
[BlackClock "0:00:33"]
[Board "50"]

1. e4 c6 2. Nf3 d5 3. Nc3 dxe4 4. Nxe4 Bg4 5. h3 Bxf3 6. Qxf3 Nd7 7. d4 Ndf6 8. c3 Nxe4 9. Qxe4 Nf6 10. Qf3 Qd5 11. Qxd5 Nxd5 12. Bd3 e6 13. Bd2 h5 14. g3 g6 15. Ke2 Bh6 16. Bxh6 Rxh6 17. f4 h4 18. Kf3 hxg3 19. Kxg3 Ke7 20. Be4 Nf6 21. Bf3 Kd6 22. a4 Rc8 23. b4 Nd5 24. Bxd5 cxd5 25. Ra3 Rc7 26. h4 Rh8 27. Rc1 Rc4 28. Rd1 Ke7 29. Re1 Kf6 30. Re3 Rhc8 31. Kg4 Rh8 32. Kg3 Rcc8 33. Kg4 Rc7 34. Kg3 Rh5 35. Kg4 Rc8 36. Re1 Rch8 37. Rh1 Ke7 38. Kg3 Kd6 39. Rh2 Rc8 40. Rh1 Ke7 41. Rh2 Kf6 42. Re2 Rch8 43. Rh2 Kf5 44. Ra1 Kf6 45. Ra3 R5h7 46. Ra1 Rc8 47. Ra3 Rc7 48. Rh1 Rh8 49. Re1 Rhc8 50. Re3 Rc6 51. Kf3 R6c7 52. Kg3 Kg7 53. Kg4 Rh8 54. Kg3 Kf6 55. Kg4 Rcc8 56. Re2 Rh5 57. Re1 Rch8 58. Rh1 Ke7 59. Kg3 g5 60. fxg5 Rxg5+ 61. Kf3 Rg7 62. Ra2 f6 63. h5 Rh6 64. Rg2 Rgh7 65. Rg8 e5 66. Kg4 Kf7 67. Rb8 Rg7+ 68. Kf3 Ke6 69. Re8+ Kf5 70. dxe5 fxe5 71. Rf8+ Ke6 72. Re8+ Kd6 73. Rd8+ Kc6 74. Rc8+ Kd7 75. Ra8 a6 76. Rb8 Ke6 77. Re8+ Kd6 78. a5 Rf6+ 79. Ke3 Rg3+ 80. Kd2 Rf2+ 81. Ke1 Ra2 82. Rd8+ Ke6 83. Re8+ Kf5 84. Rf1+ Ke4 85. Kd1 Rd3+ 86. Ke1 Re3+ 87. Kd1 Ra1+ 88. Kd2 Rxf1 89. h6 Rf2+ 90. Kd1 Rh3 0-1


[Site "https://www.chess.com"]

[Event "Titled Tuesday Blitz June 27 Early 2023"]
[White "Megalios, Konstantinos"]
[Black "Drozdowski, Kacper"]
[WhiteFideId "4238044"]
[BlackFideId "1136720"]
[WhiteElo "2600"]
[BlackElo "2856"]
[Result "1-0"]
[Round "2"]
[TimeControl "180+2"]
[Date "2023.06.27"]
[WhiteClock "0:00:14"]
[BlackClock "0:00:06"]
[Board "51"]

1. d4 Nf6 2. c4 e6 3. Nc3 Bb4 4. a3 Bxc3+ 5. bxc3 O-O 6. f3 d5 7. cxd5 exd5 8. e3 c5 9. Bd3 b6 10. Ne2 Ba6 11. O-O Re8 12. Ng3 Bxd3 13. Qxd3 Nc6 14. Bb2 h5 15. Rae1 Qd7 16. e4 cxd4 17. cxd4 h4 18. Nf5 h3 19. e5 Nh5 20. Bc1 hxg2 21. Kxg2 Re6 22. f4 Ne7 23. Nxe7+ Qxe7 24. f5 Rc6 25. f6 Qe6 26. Rf5 Rc3 27. Qxc3 Qxf5 28. Qf3 Qxf3+ 29. Kxf3 gxf6 30. Kg4 Ng7 31. exf6 Ne6 32. Be3 Rc8 33. Kf5 Rc3 34. Rg1+ Kh7 35. Rg3 Rc2 36. Ke5 Rxh2 37. Kxd5 Rh5+ 38. Kd6 Rf5 39. d5 Nf8 40. Ke7 Ng6+ 41. Kxf7 Ne5+ 42. Ke6 Rh5 43. f7 Ng6 44. Rxg6 Kxg6 45. f8=Q 1-0


[Site "https://www.chess.com"]

[Event "Titled Tuesday Blitz June 27 Early 2023"]
[White "Maximov, Dmitry"]
[Black "Niekras, Dawid"]
[WhiteFideId "14105659"]
[BlackFideId "1160451"]
[WhiteElo "2848"]
[BlackElo "2599"]
[Result "1-0"]
[Round "2"]
[TimeControl "180+2"]
[Date "2023.06.27"]
[WhiteClock "0:00:36"]
[BlackClock "0:00:00"]
[Board "52"]

1. e4 c5 2. Nf3 g6 3. c3 Bg7 4. d4 cxd4 5. cxd4 d5 6. e5 Bg4 7. Bb5+ Nd7 8. Nbd2 a6 9. Be2 e6 10. O-O Ne7 11. h3 Bxf3 12. Nxf3 Nc6 13. Bg5 Qb6 14. Qd2 O-O 15. Rfd1 f6 16. exf6 Nxf6 17. Bxf6 Rxf6 18. Rac1 Raf8 19. Rc3 Rf4 20. Rb3 Qa7 21. Rd3 Qb6 22. a3 h6 23. b4 g5 24. Bf1 Ne7 25. Re1 Nf5 26. Rd1 Kh8 27. Be2 Nd6 28. Re3 Ne4 29. Qe1 h5 30. Bd3 g4 31. hxg4 hxg4 32. Bxe4 dxe4 33. Ng5 Rxf2 34. Nxe4 R2f4 35. Qh4+ Kg8 36. Ng5 R8f5 37. Qh7+ Kf8 38. Nxe6+ Qxe6 39. Rxe6 Bxd4+ 40. Rxd4 1-0


[Site "https://www.chess.com"]